 Dungeon Crawl Stone Soup version 0.18-a0-1405-g73f4075 (webtiles) character file.

18439 namelastname112 the Cleaver (level 12, -3/110 HPs)
             Began as a Green Draconian Gladiator on Feb 25, 2016.
             Was an Initiate of Gozag.
             Hit by a large rock thrown by a cyclops (38 damage)
             ... on level 13 of the Dungeon.
             The game lasted 00:19:55 (11775 turns).

namelastname112 the Cleaver (DrGl)                 Turns: 11775, Time: 00:19:55

Health: -3/110     AC: 23    Str: 18    XL:     12   Next: 27%
Magic:  12/12      EV: 19    Int:  9    God:    Gozag
Gold:   2687       SH:  0    Dex: 16    Spells: 0 memorised, 11 levels left

rFire  . . .     SeeInvis +     m - +1 hand axe (elec)
rCold  . . .     Gourm    .     (armour unavailable)
rNeg   . . .     Faith    .     (no shield)
rPois  +         Spirit   .     H - +2 hat {SInv}
rElec  .         Dismiss  .     L - +0 cloak {MR+}
rCorr  +         Reflect  .     G - +2 pair of gloves
SustAt .         Harm     .     P - +2 pair of boots
MR     +....                    (no amulet)
Stlth  +.........               v - +6 ring of protection
                                r - ring of resist corrosion

@: somewhat resistant to hostile enchantments, very unstealthy
A: breathe noxious fumes, unfitting armour, poison resistance, cold-blooded, AC
+8
a: Breathe Noxious Fumes, Potion Petition, Call Merchant, Bribe Branch, Renounce
Religion


You were on level 13 of the Dungeon.
You worshipped Gozag.
Gozag was noncommittal.
You were not hungry.

You visited 1 branch of the dungeon, and saw 13 of its levels.
You also visited: Sewer.

You collected 3050 gold pieces.
You spent 321 gold pieces at shops.
You paid 42 gold pieces to Gozag.

Inventory:

Hand Weapons
 m - a +1 hand axe of electrocution (weapon)
 w - a +0 blowgun
Missiles
 C - 9 curare-tipped needles
 Q - 5 throwing nets (quivered)
Armour
 G - a +2 pair of gloves (worn)
 H - a +2 hat of see invisible (worn)
 L - a +0 cloak of magic resistance (worn)
 P - a +2 pair of boots (worn)
Jewellery
 c - an uncursed ring of ice
 r - a ring of resist corrosion (left hand)
 v - a +6 ring of protection (right hand)
 y - an uncursed ring of flight
Wands
 a - a wand of random effects (16/48)
 b - a wand of iceblast (5/15)
 l - a wand of paralysis (4/24)
 B - a wand of slowing (28/48)
 I - a wand of digging (11/24)
 K - a wand of polymorph (9/24)
 M - a wand of lightning (8/15)
 R - a wand of teleportation (5/9)
 S - a wand of slowing (11/48)
Scrolls
 h - 2 scrolls of amnesia
 k - 2 scrolls of vulnerability
 n - 4 scrolls of enchant armour
 o - 2 scrolls of fog
 q - 5 scrolls of teleportation
 u - 3 scrolls of remove curse
 J - a scroll of recharging
 N - 3 scrolls of immolation
 U - a scroll of holy word
 V - a scroll of identify
Potions
 e - 2 potions of ambrosia
 f - a potion of cancellation
 g - 3 potions of degeneration {unknown}
 i - 8 potions of curing
 j - 3 potions of magic {unknown}
 s - a potion of cure mutation
 t - 2 potions of lignification
 x - a potion of invisibility
 z - 2 potions of brilliance {unknown}
 A - a potion of berserk rage {unknown}
 E - 4 potions of flight {unknown}
 O - a potion of haste {unknown}
Books
 D - a book of Cantrips

   Spells                             Type                      Level
   a - Corona                         Hexes                        1
   b - Animate Skeleton               Necromancy                   1
   c - Summon Small Mammal            Summoning                    1
   d - Apportation                    Translocation                1
 F - a book of Annihilations

   Spells                             Type                      Level
   a - Poison Arrow                   Conjuration/Poison           6
   b - Chain Lightning                Conjuration/Air              8
   c - Lehudib's Crystal Spear        Conjuration/Earth            8
   d - Glaciate                       Conjuration/Ice              9
   e - Fire Storm                     Conjuration/Fire             9
Comestibles
 d - 7 bread rations
 p - 11 royal jellies
 T - a beef jerky


   Skills:
 + Level 11.1 Fighting
 * Level 14.3 Axes
 - Level 1.7 Throwing
 + Level 9.8 Dodging


You had 11 spell levels left.
You didn't know any spells.

Dungeon Overview and Level Annotations

Branches:
Dungeon (13/15)            Temple (0/1) D:6            Lair (0/8) D:8
    Orc (0/2) D:11         Vaults (0/5) D:13

Altars:
Dithmenos
Elyvilon
Gozag
Nemelex Xobeh
Okawaru
Pakellas
Qazlal
Sif Muna
Trog
Vehumet
Zin
The Shining One

Shops:
D:5 *[

Portals:
Trove: D:13 (give +3 gold dragon armour)
Bailey: D:13

Annotations:
D:12 Frances


Innate Abilities, Weirdness & Mutations

You can breathe blasts of noxious fumes.
Your lurid green scales are hard (AC +8).
Your body does not fit into most forms of armour.
Your system is resistant to poisons.
You are cold-blooded and may be slowed by cold attacks.


Message History

The cyclops shouts!
The cyclops throws a large rock.
The large rock misses you.
You hear a splash.
The goblin barely misses you.
You see here a large rock.
A goblin comes into view. It is wielding a hand axe.
You hear the faint creaking of a portcullis.
You feel sick.
You are no longer poisoned.
The goblin shouts!
The green ugly thing tentacle-slaps you.
The cyclops throws a large rock.
The large rock closely misses you.
The large rock hits the green ugly thing!
You hear a splash.
The green ugly thing closely misses you.
The goblin hits you but does no damage. The goblin completely misses you.
The goblin misses you.
The cyclops throws a large rock.
The large rock hits you!!!
You die...
Your body crumbles into a pile of gold.

..........##......#
#.?.............###########
##....../≈≈≈≈≈o≈$$.........#
.........o#####≈$.$........#
.........≈# ..#≈.$$........#
.........≈# ∩.#≈...........#
..../....≈# ..#≈.....#####.'
........g(##g##≈.....# #.#
.........gu@≈≈≈≈.....# #.#
########.g............. ..#
.......................#
...................##..o#
..............C..(..##...#
................. #...
.................
.................


You could see a green ugly thing, a cyclops and 4 goblins.

Vanquished Creatures
  Fannar (D:10)
  Erolcha (D:9)
  A centaur warrior (D:11)
  Erica (D:9)
  The ghost of gorblad the Fighter, a novice TrMo (D:8)
  A wolf spider zombie (D:13)
  A hill giant (D:11)
  A manticore (D:12)
  2 ugly things (D:11)
  Joseph (D:8)
  Maurice (D:8)
  A troll (D:11)
  Prince Ribbit (D:8)
  2 two-headed ogres (D:12)
  A vampire (D:10)
  3 wyverns
  13 yaks
  A wraith (D:12)
  A hungry ghost (D:12)
  2 hippogriffs (D:7)
  A mottled dragon (D:11)
  A water moccasin (D:11)
  Purgy (Sewer)
  3 orc warriors
  A black bear (D:10)
  3 ice beasts
  4 sky beasts
  4 phantoms
  5 ogres
  2 boggarts (D:13)
  2 crocodiles (D:8)
  6 centaurs
  9 big kobolds (D:8)
  Blork the orc (D:5)
  6 giant frogs
  3 scorpions
  29 killer bees
  5 wights (D:11)
  2 howler monkeys (D:10)
  An electric eel (D:12)
  A centaur zombie (D:11)
  5 crimson imps
  3 giant frog zombies
  7 hounds
  4 jellies (D:10)
  6 orc priests
  4 orc wizards
  Crazy Yiuf (D:7)
  Jessica (D:2)
  4 centaur skeletons
  3 giant frog skeletons
  2 iguanas
  4 worker ants
  Ijyb (D:2)
  A spectral worker ant (D:11)
  A hound skeleton (D:5)
  2 worker ant zombies
  A howler monkey zombie (D:8)
  7 gnolls
  2 howler monkey skeletons
  18 adders
  2 river rats (D:8)
  A shadow imp (D:10)
  7 oozes
  An adder zombie (D:7)
  3 adder skeletons
  4 worms
  A dart slug (D:1)
  5 giant geckos
  36 orcs
  3 ball pythons
  22 bats
  6 giant cockroaches
  5 goblins
  6 hobgoblins
  7 jackals
  15 kobolds
  4 quokkas
  A ball python skeleton (D:5)
  6 giant newts
  A quokka skeleton (D:5)
  14 rats
  A fungus (D:8)
  4 plants (D:8)
359 creatures vanquished.

Vanquished Creatures (others)
  2 dancing weapons (D:13)
  An orc wizard (D:3)
  A gnoll (D:8)
  A bat (D:8)
5 creatures vanquished.

Grand Total: 364 creatures vanquished

Notes
Turn   | Place    | Note
--------------------------------------------------------------
     0 | D:1      | namelastname112 the Draconian Gladiator began the quest for the Orb.
     0 | D:1      | Reached XP level 1. HP: 17/17 MP: 1/1
   296 | D:1      | Reached XP level 2. HP: 23/25 MP: 2/2
   544 | D:1      | Reached XP level 3. HP: 28/30 MP: 3/3
   810 | D:2      | Noticed Jessica
   817 | D:2      | Killed Jessica
   817 | D:2      | Reached skill level 4 in Axes
   820 | D:2      | Reached XP level 4. HP: 22/37 MP: 4/4
  1039 | D:2      | Found a stormy altar of Qazlal.
  1039 | D:2      | Found an iron altar of Okawaru.
  1047 | D:2      | Noticed Ijyb
  1058 | D:2      | Killed Ijyb
  1554 | D:2      | Found a glowing golden altar of the Shining One.
  1699 | D:2      | Reached skill level 5 in Axes
  1699 | D:2      | Reached XP level 5. HP: 45/45 MP: 5/5
  2299 | D:3      | Reached XP level 6. HP: 34/51 MP: 6/6
  2414 | D:3      | Found an opulent altar of Gozag.
  2528 | D:3      | Became a worshipper of Gozag Ym Sagoz the Greedy
  2862 | D:3      | Found an oddly glowing altar of Pakellas.
  2965 | D:3      | You fall through a shaft!
  3150 | D:4      | Reached skill level 6 in Axes
  3226 | D:4      | Found a radiant altar of Vehumet.
  3329 | D:4      | Reached XP level 7. HP: 59/59 MP: 7/7
  3329 | D:4      | Your scales start taking on a lurid green colour.
  3329 | D:4      | Gained mutation: Your system is resistant to poisons. [Green Draconian growth]
  3494 | D:4      | Reached skill level 7 in Axes
  3540 | D:4      | Found a white marble altar of Elyvilon.
  3620 | D:5      | Entered Level 5 of the Dungeon
  3732 | D:5      | Found a sparkling altar of Nemelex Xobeh.
  3980 | D:5      | Found Beniun's Assorted Antiques.
  3985 | D:5      | Bought 2 scrolls labeled RODECS RIXUICA for 58 gold pieces
  3985 | D:5      | Bought a scroll labeled EBLERI IMNIU for 29 gold pieces
  3985 | D:5      | Bought a fizzy inky potion for 26 gold pieces
  3985 | D:5      | Bought a fizzy inky potion for 26 gold pieces
  3985 | D:5      | Bought a scroll labeled GACOLEULLU for 29 gold pieces
  3999 | D:5      | Noticed Blork the orc
  4007 | D:5      | Killed Blork the orc
  4041 | D:5      | Reached skill level 5 in Fighting
  4041 | D:5      | Reached XP level 8. HP: 66/68 MP: 8/8
  4081 | D:5      | Reached skill level 5 in Dodging
  4141 | D:5      | Found Lajif's Antique Armour Boutique.
  4151 | D:5      | Reached skill level 8 in Axes
  4161 | D:5      | Bought a pair of embroidered gloves for 81 gold pieces
  4161 | D:5      | Bought a runed hat for 72 gold pieces
  4430 | D:6      | Found a bloodstained altar of Trog.
  4491 | D:6      | Found a staircase to the Ecumenical Temple.
  4543 | D:6      | Found a glowing drain.
  4561 | Sewer    | Entered a sewer
  4604 | Sewer    | Noticed Purgy
  4621 | Sewer    | Killed Purgy
  5329 | D:6      | Reached skill level 9 in Axes
  5499 | D:7      | Reached XP level 9. HP: 78/78 MP: 9/9
  5564 | D:7      | Found a deep blue altar of Sif Muna.
  5880 | D:7      | Noticed Crazy Yiuf
  5889 | D:7      | Killed Crazy Yiuf
  5962 | D:8      | Noticed gorblad's ghost (novice TrMo)
  6177 | D:8      | Killed gorblad's ghost
  6177 | D:8      | Reached skill level 10 in Axes
  6407 | D:8      | Noticed Joseph
  6427 | D:8      | Killed Joseph
  6509 | D:8      | Noticed Maurice
  6538 | D:8      | Killed Maurice
  6538 | D:8      | Reached XP level 10. HP: 35/88 MP: 10/10
  6554 | D:8      | Reached skill level 11 in Axes
  6918 | D:8      | Found a staircase to the Lair.
  6997 | D:8      | Found a glowing silver altar of Zin.
  7027 | D:8      | Noticed Prince Ribbit
  7041 | D:8      | Killed Prince Ribbit
  7563 | D:8      | Found a shadowy altar of Dithmenos.
  7730 | D:9      | Noticed Erolcha
  7810 | D:9      | Killed Erolcha
  7810 | D:9      | Reached skill level 12 in Axes
  8196 | D:9      | Noticed Erica
  8215 | D:9      | Killed Erica
  8215 | D:9      | Reached XP level 11. HP: 87/97 MP: 11/11
  8420 | D:10     | Entered Level 10 of the Dungeon
  8688 | D:10     | Noticed Fannar
  8746 | D:10     | Killed Fannar
  9457 | D:11     | Noticed a purple ugly thing
  9462 | D:11     | Reached skill level 13 in Axes
  9483 | D:11     | Killed a purple ugly thing
  9483 | D:11     | Reached skill level 10 in Fighting
  9692 | D:11     | Noticed a hill giant
  9700 | D:11     | Killed a hill giant
  9736 | D:11     | Found a staircase to the Orcish Mines.
 10005 | D:11     | Noticed a centaur warrior
 10026 | D:11     | Killed a centaur warrior
 10534 | D:11     | Noticed a brown ugly thing
 10555 | D:11     | Killed a brown ugly thing
 10912 | D:12     | Reached XP level 12. HP: 98/108 MP: 12/12
 11091 | D:12     | Reached skill level 14 in Axes
 11360 | D:12     | Noticed Frances
 11589 | D:13     | Found a gate to the Vaults.
 11695 | D:13     | Found a portal to a secret trove of treasure.
 11775 | D:13     | Found a flagged portal.
 11775 | D:13     | Hit by a large rock thrown by a cyclops

Vault maps used:
D:1:      dpeg_arrival_simpleton_c, minmay_misc_feat_rows
D:2:      nicolae_tso_carved_into_rock, nicolae_overflow_hidden_temple,
          first_bread, nrook_loot_triangle, uniq_iyjb, uniq_jessica
D:3:      nicolae_gozag_seed_capital, lemuel_coloured_pillars_altar, st_stairs_8
D:4:      elyvilon_altar_4, fiery_altar_vehumet
D:5:      serial_shops, kennysheep_little_box, shop, basic_altar,
          uniq_blork_the_orc
D:6:      bloody_trog, minmay_temple_entry_hall, portal_sewer_entry_d
D:7:      lemuel_round_altar, uniq_crazy_yiuf_cottage
D:8:      zin_treasury, marbit_many_paths, grunt_lair_entry_orc_guard_hut,
          special_room, uniq_prince_ribbit1, uniq_maurice, uniq_joseph
D:9:      uniq_erolcha, uniq_erica
D:10:     hangedman_little_slice_of_home, minmay_holes, uniq_fannar
D:11:     david_orc_3, hangedman_weighted_door
D:12:     uniq_frances
D:13:     erik_vaults_1, nicolae_trove_entry_crossroad, enter_bailey_3,
          uniq_rupert
Sewer:    kennysheep_door_sewer

Skill      XL: |  1  2  3  4  5  6  7  8  9 10 11 12 |
---------------+-------------------------------------+-----
Axes           | 4 5 6 7 9 10 12 13 14 | 14.3
Dodging        | 3 4 5 7 8 9 |  9.8
Fighting       | 3 4 5 6 7 9 10 11 | 11.1
Throwing       | |  1.7

Action                   |  1- 3 |  4- 6 |  7- 9 | 10-12 || total
-------------------------+-------+-------+-------+-------++-------
Melee: War axe           |    66 |    17 |       |       ||    83
       Hand axe          |       |   138 |   354 |   730 ||  1222
Throw: Throwing net      |       |       |       |     3 ||     3
 Abil: Breathe Noxious F |       |       |     3 |    10 ||    13
Evoke: Wand              |       |       |     2 |     1 ||     3
  Use: Scroll            |       |       |    13 |     8 ||    21
       Potion            |       |       |     1 |     3 ||     4
 Stab: Sleeping          |     1 |     1 |     1 |       ||     3
       Distracted        |       |     1 |     1 |     5 ||     7
       Confused          |       |       |     3 |     8 ||    11
       Paralysed         |       |       |     5 |     3 ||     8
  Eat: Chunk             |       |     5 |       |       ||     5
       Fruit             |       |     3 |     2 |       ||     5
       Meat ration       |       |       |     2 |     2 ||     4
       Beef jerky        |       |       |     1 |     2 ||     3
       Bread ration      |       |       |     1 |       ||     1
